 Dungeon Crawl Stone Soup version 0.15.2 (webtiles) character file.

43328 magipi the Severer (level 14, -2/115 HPs)
             Began as a Vine Stalker Berserker on Sept 30, 2015.
             Was the Champion of Trog.
             Blown up by an orb spider (18 damage)
             ... with an orb of destruction
             ... on Level 2 of the Spider Nest.
             The game lasted 02:00:18 (11598 turns).

magipi the Severer (Vine Stalker Berserker)        Turns: 11598, Time: 02:00:18

HP  -2/115       AC 20     Str 26      XL: 14   Next: 23%
MP   0/18        EV  9     Int  7      God: Trog [******]
Gold 576         SH  0     Dex 18      Spells:  0 memorised, 13 levels left

rFire  . . .     SeeInvis .     h - +4 battleaxe (vamp)
rCold  . . .     Clarity  .     U - +1 scale mail {rPois}
rNeg   . . .     rCorr    .     (no shield)
rPois  +         rRot     +     I - +1 helmet
rElec  .         Spirit   +     W - +1 cloak
SustAb .         Warding  .     H - +2 pair of gloves
rMut   .         Stasis   .     K - +1 pair of boots
Gourm  .                        M - amulet of faith
MR     +....                    r - ring of regeneration
                                p - ring of poison resistance

@: confused, berserking (expiring), very quick, somewhat resistant to hostile
enchantments, extremely unstealthy
A: fangs 3, regeneration 3, wild magic 1, magic shield, antimagic bite, no
device heal 3, rot immunity
a: Burn Spellbooks, Berserk, Trog's Hand, Brothers in Arms, Renounce Religion


You were on level 2 of the Spider Nest.
You worshipped Trog.
Trog was exalted by your worship.
You were not hungry.

You visited 5 branches of the dungeon, and saw 25 of its levels.
You also visited: Sewer and Bailey.

You collected 1789 gold pieces.
You spent 1213 gold pieces at shops.

Inventory:

Hand weapons
 b - a +4 blowgun
 h - a +4 vampiric battleaxe (weapon)
 k - a +6 executioner's axe of chopping
Missiles
 u - 23 poisoned needles
 B - a throwing net
 D - 6 curare-tipped needles
 F - 7 javelins of returning
 T - 4 javelins (quivered)
Armour
 m - a +1 scale mail of fire resistance
 H - a +2 pair of gloves (worn)
 I - a +1 helmet (worn)
 K - a +1 pair of boots (worn)
 U - a +1 scale mail of poison resistance (worn)
 W - a +1 cloak (worn)
 X - a mottled dragon hide
 Y - a steam dragon hide
Magical devices
 l - a wand of fireball (4)
 L - a wand of paralysis (5)
 P - a wand of lightning (3)
 Z - a wand of digging (12)
Comestibles
 c - 5 bread rations
 s - 8 meat rations
Scrolls
 g - 2 scrolls of enchant armour
 n - 2 scrolls of summoning
 v - 8 scrolls of teleportation
 w - 2 scrolls of blinking
 x - 3 scrolls of fog
 y - 2 scrolls of recharging
 z - 3 scrolls of magic mapping
 E - 4 scrolls of vulnerability
 O - 2 scrolls of fear
 V - 2 scrolls of remove curse
Jewellery
 i - the ring of Degik {-Tele +Fly rF+ SInv}
   (You bought it in a shop on level 4 of the Orcish Mines)

   [ring of protection from fire]

   It protects you from fire.
   It enhances your eyesight.
   It lets you fly.
   It prevents most forms of teleportation.
 p - a ring of poison resistance (left hand)
 r - a ring of regeneration (right hand)
 t - an uncursed ring of teleportation
 A - an uncursed ring of ice
 C - an uncursed ring of sustain abilities
 M - an amulet of faith (around neck)
 N - an uncursed ring of teleport control
Potions
 a - a potion of invisibility {unknown}
 d - 5 potions of haste
 e - a potion of resistance
 f - 4 potions of restore abilities
 j - 6 potions of might
 q - 8 potions of curing
 G - 2 potions of cancellation
 Q - a potion of confusion {unknown}


   Skills:
 - Level 10.5 Fighting
 + Level 16.0 Axes
 - Level 6.0 Throwing
 - Level 9.1 Armour
 - Level 1.5 Dodging


You had 13 spell levels left.
You didn't know any spells.

Dungeon Overview and Level Annotations

Branches:
Dungeon (10/15)            Temple (1/1) D:4             Orc (4/4) D:9
    Elf (0/3) Orc:3          Lair (8/8) D:10         Shoals (0/5) Lair:3
 Spider (2/5) Lair:6
  Slime: Lair:6-8

Altars:
Ashenzari
Cheibriados
Dithmenos
Elyvilon
Fedhas
Kikubaaqudgha
Makhleb
Nemelex Xobeh
Okawaru
Qazlal
Sif Muna
Trog
Vehumet
Xom
Yredelemnul
Zin
The Shining One
Beogh

Shops:
D:4 ([((   Orc:1 [   Orc:3 *   Orc:4 [=*(


Innate Abilities, Weirdness & Mutations

You have razor-sharp teeth.
You regenerate.
When hurt, damage is shared between your health and your magic reserves.
Your bite disrupts and absorbs the magic of your enemies.
Potions and wands cannot restore your health.
You are immune to rotting.
Your spells are a little harder to cast, but a little more powerful.

Vault maps used:
D:1:      shiori_arrival_whats_in_store_for_you, ashenzari_altar_1
D:2:      first_bread
D:3:      minmay_misc_feat_diagonals, grunt_decor_one_mirror
D:4:      temple_statues, serial_shops, shop_fountains, nicolae_shop_trees,
          shop, kennysheep_little_box, portal_sewer_entry_f
D:5:      uniq_menkaure
D:6:      erik_ogre, grunt_ministairs_6, okawaru_trees_2, uniq_natasha
D:7:      enter_bailey_2
D:9:      minmay_orc_entry_guard_dogs
D:10:     dpeg_lair_monsters
Temple:   grunt_circular_temple_18
Orc:1:    serial_shops, shop
Orc:2:    mines2_david
Orc:3:    serial_shops, nicolae_shop_behind_doors, nicolae_orc_pool_cavern,
          nooodl_orcs_dogs, uniq_joseph
Orc:4:    basic_altar, st_orc_town, uniq_psyche, uniq_sonja, uniq_urug
Lair:1:   serial_bayou_shore_a
Lair:3:   kennysheep_abandoned_house, elwin_shoals_entry_stream, serial_forest,
          infiniplex_forest_straight_1, infiniplex_forest_diagonal,
          infiniplex_forest_clump_medium, infiniplex_forest_lined_2
Lair:4:   lemuel_slime, grunt_megastairs_2, lemuel_fruit_fields
Lair:6:   dummy_spider_entry, serial_bayou_shore_b, serial_bayou_shore_b
Lair:7:   minmay_slime_entry_oklob_enclosed, basic_altar, serial_bayou,
          serial_bayou_pond_c, serial_bayou_pond_c, serial_bayou_shore_b,
          serial_bayou_shore_b, uniq_fannar
Lair:8:   hangedman_lair_in_review, guppyfry_lair_end_dragon
Spider:1: spiders_nest_scorpion_pit
Spider:2: baited_tele_trap
Sewer:    sewer_minmay_w
Bailey:   bailey_polearm_2, bailey


Message History

You hit the boring beetle but do no damage.
Your bite misses the boring beetle. The boring beetle bites you!
A wolf spider comes into view.
You barely miss the boring beetle. Your bite misses the boring beetle.
The orb spider spins a strand of pure energy.
You hit the boring beetle.
You bite the boring beetle, but do no damage.
The boring beetle is lightly wounded.
The boring beetle waves its antennae.
The boring beetle bites you!
You hit the boring beetle. You bite the boring beetle. You drain its power.
You feel invigorated.
The boring beetle is moderately wounded.
The boring beetle bites you!!
A tarantella comes into view.
You slash the tarantella!
You bite the tarantella, but do no damage.
The tarantella is moderately wounded.
You slash the boring beetle!
The boring beetle is heavily wounded.
The tarantella bites you but does no damage.
The tarantella bites you.
You are confused.
The tarantella bites you but does no damage.
Unknown command.
Unknown command.
You're too confused!
Unknown command.
Drink which item? (? for menu, Esc to quit)
You feel better. The tarantella bites you.
The wolf spider hits you but does no damage.
The wolf spider bites you but does no damage.
The tarantella completely misses you.
Unknown command.
Unknown command.
Use which ability? (? or * to list)
A red film seems to cover your vision as you go berserk!
You feel yourself moving faster!
You feel mighty!
You feel somewhat more hungry. The wolf spider hits you!
The wolf spider bites you but does no damage.
The tarantella bites you!
You are confused.
The boring beetle bites you. The wolf spider completely misses you.
The wolf spider bites you but does no damage.
You hit the wolf spider. You bite the wolf spider!! You drain its power.
You feel invigorated.
The wolf spider is heavily wounded.
The tarantella bites you but does no damage.
You slice the tarantella!!
You kill the tarantella!
Trog accepts your kill. The wolf spider barely misses you.
The wolf spider bites you but does no damage.
The tarantella barely misses you. The boring beetle bites you.
Unknown command.
Unknown command.
The wolf spider closely misses you. x2
Unknown command.
You completely miss the wolf spider. You bite the wolf spider!
You drain its power.
You feel invigorated.
The wolf spider is severely wounded.
The wolf spider misses you.
The wolf spider bites you but does no damage.
The tarantella bites you but does no damage.
Unknown command.
You barely miss the wolf spider. Your bite misses the wolf spider.
The wolf spider is severely wounded.
The wolf spider barely misses you.
The wolf spider bites you but does no damage.
The boring beetle bites you but does no damage.
The tarantella bites you!
* * * LOW HITPOINT WARNING * * *
You closely miss the wolf spider. Your bite misses the wolf spider.
The wolf spider is severely wounded.
The wolf spider hits you.
* * * LOW HITPOINT WARNING * * *
The wolf spider bites you but does no damage.
The tarantella bites you but does no damage.
Ouch! The wolf spider closely misses you.
The wolf spider bites you but does no damage.
The tarantella bites you but does no damage.
Unknown command.
You carve the wolf spider like a ham!!!
You kill the wolf spider!
Trog accepts your kill.
Your Axes skill increases to level 16!
The orb spider weaves a glowing orb of energy.
The boring beetle bites you!
* * * LOW HITPOINT WARNING * * *
Ouch! The tarantella bites you!
* * * LOW HITPOINT WARNING * * *
You feel a strong urge to attack something.
The tarantella bites you but does no damage.
The boring beetle bites you but does no damage.
Unknown command.
Your scale mail prevents you from hitting the boring beetle.
You bite the boring beetle, but do no damage.
The boring beetle is heavily wounded.
The orb of destruction hits you!
You die...

#......##........^###
.#.####.#........#.#
..###..####.....#.###
........#.......####
........#.......#
........###....##
?..............##
#.......Bs.....#
###.....@%.....#
##.###.§.....# #
...§....##
.....§......
.^.....s.#...
.....#..##...
.....##..# .. ^...
#... .


You could see a boring beetle, an orb spider and a tarantella.

Table legend:
 A = Kills in this place as a percentage of kills in entire the game.
 B = Kills by you in this place as a percentage of kills by you in the entire game.
 C = Kills by friends in this place as a percentage of kills by friends in the entire game.
 D = Other kills in this place as a percentage of other kills in the entire game.
 E = Experience gained in this place as a percentage of experience gained in the entire game.
 F = Experience gained in this place divided by the number of levels of this place that you have seen.
                   A       B       C       D       E      F
               +-------+-------+-------+-------+-------+----------------------
         Total | 100.0 | 100.0 | 100.0 |  -nan | 100.0 | 2292.5
       Dungeon |  32.9 |  33.2 |   0.0 |  -nan |  11.8 | 728.3
  Orcish Mines |  33.4 |  33.3 |  50.0 |  -nan |  23.1 | 3568.2
          Lair |  25.1 |  25.2 |  16.7 |  -nan |  59.2 | 4577.8
   Spider Nest |   1.4 |   1.4 |   0.0 |  -nan |   5.1 | 1593.5
         Sewer |   6.9 |   7.0 |   0.0 |  -nan |   0.6 | 361.0
        Bailey |   0.3 |   0.0 |  33.3 |  -nan |   0.3 | 172.0
               +-------+-------+-------+-------+-------+----------------------

Vanquished Creatures
  A fire dragon (Lair:8)
  4 hydras
  Fannar (Lair:7)
  A ravenous feature mimic (Lair:8)
  2 death yaks (Lair:8)
  6 orc high priests (Orc:4)
  Urug (Orc:4)
  3 wolf spiders
  2 orc sorcerers
  2 griffons
  3 elephants (Lair:8)
  3 black mambas (Lair:8)
  A mermaid (Lair:3)
  Joseph (Orc:3)
  10 spiny frogs
  A feature mimic (Lair:4)
  6 komodo dragons
  5 fire drakes (Lair:8)
  2 merfolk (Lair:3)
  A boulder beetle (Spider:2)
  15 blink frogs
  2 trapdoor spiders (Spider:2)
  A wyvern (Lair:8)
  2 redbacks (Spider:2)
  19 yaks
  A hill giant zombie (D:8)
  4 basilisks
  A tarantella (Spider:2)
  A shadow (D:8)
  3 steam dragons (Lair:8)
  A hungry ghost (D:8)
  A hippogriff (Lair:6)
  5 water moccasins
  Menkaure (D:5)
  7 wolves
  19 wargs
  A mottled dragon (Lair:8)
  7 porcupines
  A swamp drake (Lair:8)
  6 ogres
  10 orc warriors
  2 ice beasts (Lair:7)
  3 phantoms
  3 boring beetles
  4 centaurs
  2 big kobolds
  8 crocodiles
  12 giant frogs
  A gnoll sergeant (D:7)
  A scorpion (D:4)
  8 wights
  A crimson imp (D:8)
  2 electric eels
  The ghost of Alipheese the Chopper, an average NaDK of Yredelemnul (D:3)
  An elf zombie (D:10)
  7 hounds
  41 orc priests
  A quasit (D:6)
  A centaur skeleton (D:6)
  27 orc wizards
  A giant frog skeleton (D:5)
  7 iguanas
  6 worker ants
  Natasha (D:6)
  13 sheep
  5 orange rats
  A big kobold zombie (D:10)
  4 gnolls (D:7)
  29 green rats
  19 adders
  2 giant mites (D:4)
  3 shadow imps
  A worm (D:2)
  4 orc zombies
  6 giant geckos
  7 oozes
  187 orcs
  A bat skeleton (D:4)
  6 giant cockroaches
  13 hobgoblins
  17 jackals
  7 quokkas
  14 ball pythons
  9 bats
  5 giant newts
  20 goblins
  14 kobolds
  A quokka skeleton (D:6)
  39 rats
  A fungus (Lair:4)
  A plant (Lair:8)
734 creatures vanquished.

Vanquished Creatures (collateral kills)
  Psyche (Orc:4)
  Sonja (Orc:4)
  2 orc warriors (Bailey)
  A green rat (Lair:6)
  An orc (Orc:4)
6 creatures vanquished.

Vanquished Creatures (others)
  A crocodile (Lair:7)
  An orc (Orc:2)
2 creatures vanquished.

Grand Total: 742 creatures vanquished

Notes
Turn   | Place    | Note
--------------------------------------------------------------
     0 | D:1      | magipi, the Vine Stalker Berserker, began the quest for the Orb.
     0 | D:1      | Reached XP level 1. HP: 11/11 MP: 1/1
     1 | D:1      | Noticed a formicid zombie
     1 | D:1      | Noticed a draconian zombie
     5 | D:1      | Noticed an octopode zombie
     6 | D:1      | Noticed a minotaur zombie
     7 | D:1      | Noticed a centaur zombie
     8 | D:1      | Noticed an octopode zombie
    10 | D:1      | Noticed a centaur zombie
    12 | D:1      | Noticed an octopode zombie
    13 | D:1      | Noticed a draconian zombie
    16 | D:1      | Noticed an elf zombie
    16 | D:1      | Noticed a troll zombie
    18 | D:1      | Noticed a draconian zombie
    19 | D:1      | Noticed a minotaur zombie
   146 | D:1      | Reached skill level 3 in Axes
   162 | D:1      | Found a shattered altar of Ashenzari.
   228 | D:1      | Reached XP level 2. HP: 6/16 MP: 3/3
   447 | D:2      | Reached XP level 3. HP: 17/19 MP: 2/4
   521 | D:2      | Acquired Trog's second power
   768 | D:2      | Reached skill level 4 in Axes
  1056 | D:3      | Reached XP level 4. HP: 23/23 MP: 5/5
  1098 | D:3      | Noticed Alipheese's ghost (average NaDK)
  1108 | D:3      | Killed Alipheese's ghost
  1156 | D:3      | Reached skill level 5 in Axes
  1239 | D:2      | Reached XP level 5. HP: 27/27 MP: 7/7
  1437 | D:4      | Found Pioler's Armour Emporium.
  1443 | D:4      | Bought a +0 pair of boots for 49 gold pieces
  1443 | D:4      | Bought a +0 cloak for 49 gold pieces
  1447 | D:4      | Found Feozil's Weapon Shoppe.
  1457 | D:4      | Found a glowing drain.
  1502 | D:4      | Bought a +0 war axe for 42 gold pieces
  1515 | Sewer    | Entered a sewer
  1762 | Sewer    | Gained mutation: You heal very quickly. [vine stalker growth]
  1762 | Sewer    | Reached XP level 6. HP: 32/32 MP: 8/8
  1766 | Sewer    | Reached skill level 6 in Axes
  1944 | Sewer    | Acquired Trog's third power
  2030 | D:4      | Found Klucuh's Weapon Emporium.
  2069 | D:4      | Reached skill level 7 in Axes
  2069 | D:4      | Reached XP level 7. HP: 29/35 MP: 7/9
  2190 | D:4      | Found Zaim's Antique Weapon Emporium.
  2253 | D:4      | Found a staircase to the Ecumenical Temple.
  2267 | Temple   | Entered the Ecumenical Temple
  2481 | D:5      | Entered Level 5 of the Dungeon
  2545 | D:5      | Reached skill level 8 in Axes
  2648 | D:5      | Gained mutation: You have razor-sharp teeth. [vine stalker growth]
  2648 | D:5      | Reached XP level 8. HP: 39/39 MP: 11/11
  2651 | D:5      | Noticed Menkaure
  2672 | D:5      | Killed Menkaure
  2759 | D:5      | Reached skill level 9 in Axes
  3045 | D:6      | Received a gift from Trog
  3126 | D:6      | Found an iron altar of Okawaru.
  3322 | D:6      | Noticed Natasha
  3326 | D:6      | Killed Natasha
  3465 | D:6      | Reached XP level 9. HP: 46/46 MP: 12/12
  3598 | D:7      | Found a flagged portal.
  3605 | Bailey   | Entered a bailey
  3684 | Bailey   | Reached skill level 5 in Fighting
  3684 | Bailey   | Reached skill level 10 in Axes
  4130 | D:8      | Received a gift from Trog
  4468 | D:10     | Entered Level 10 of the Dungeon
  4500 | D:10     | Found a staircase to the Lair.
  4520 | D:9      | Reached XP level 10. HP: 43/53 MP: 9/13
  4646 | D:10     | Noticed a spiny frog
  4647 | D:10     | Noticed a spiny frog
  4660 | D:10     | Killed a spiny frog
  4669 | D:10     | Killed a spiny frog
  4674 | D:10     | Reached skill level 5 in Armour
  4862 | D:10     | Received a gift from Trog
  5106 | D:9      | Found a staircase to the Orcish Mines.
  5522 | Orc:1    | Entered Level 1 of the Orcish Mines
  5524 | Orc:1    | Noticed an orc sorcerer
  5528 | Orc:1    | Noticed a sixfirhy
  5587 | Orc:1    | Killed an orc sorcerer
  5684 | Orc:1    | Received a gift from Trog
  5726 | Orc:1    | Found Yniakihi's Antique Armour Emporium.
  5909 | Orc:1    | Received a gift from Trog
  5949 | Orc:1    | Bought a runed scale mail for 104 gold pieces
  5949 | Orc:1    | Bought a pair of glowing boots for 117 gold pieces
  5949 | Orc:1    | Bought a glowing chain mail for 117 gold pieces
  6022 | Orc:2    | Reached XP level 11. HP: 62/62 MP: 15/15
  6093 | Orc:3    | Found a staircase to the Elven Halls.
  6093 | Orc:3    | Noticed Joseph
  6107 | Orc:3    | Killed Joseph
  6183 | Orc:2    | Received a gift from Trog
  6213 | Orc:2    | Noticed an orc sorcerer
  6221 | Orc:2    | Noticed an ice devil
  6226 | Orc:2    | Killed an orc sorcerer
  6367 | Orc:3    | Found Konasiack's Assorted Antiques.
  6371 | Orc:3    | Bought a scroll labeled TYIHOPR IFYGEO for 30 gold pieces
  6454 | Orc:4    | Entered Level 4 of the Orcish Mines
  6539 | Orc:4    | Found a roughly hewn altar of Beogh.
  6546 | Orc:4    | Noticed Urug
  6558 | Orc:4    | Killed Urug
  6624 | Orc:4    | Noticed an orc high priest
  6654 | Orc:4    | Received a gift from Trog
  6659 | Orc:4    | Noticed an orc high priest
  6665 | Orc:4    | Noticed a soul eater
  6668 | Orc:4    | Killed an orc high priest
  6675 | Orc:4    | Found Kiru's General Store.
  6675 | Orc:4    | Found Fely's Weapon Shoppe.
  6740 | Orc:4    | Found a roughly hewn altar of Beogh.
  6744 | Orc:4    | Noticed an orc high priest
  6753 | Orc:4    | Killed an orc high priest
  6753 | Orc:4    | Reached skill level 10 in Fighting
  6753 | Orc:4    | Reached skill level 11 in Axes
  6770 | Orc:4    | Noticed an orc high priest
  6783 | Orc:4    | Killed an orc high priest
  6909 | Orc:4    | Received a gift from Trog
  6966 | Orc:4    | Found Cexagim's Armour Shop.
  6966 | Orc:4    | Found Weol's Jewellery Shoppe.
  6966 | Orc:4    | Noticed an orc high priest
  6969 | Orc:4    | Killed an orc high priest
  7016 | Orc:4    | Noticed an orc high priest
  7030 | Orc:4    | Killed an orc high priest
  7030 | Orc:4    | Gained mutation: You regenerate. [vine stalker growth]
  7030 | Orc:4    | Reached XP level 12. HP: 57/68 MP: 13/16
  7080 | Orc:4    | Noticed Sonja
  7092 | Orc:4    | Killed Sonja
  7105 | Orc:4    | Noticed Psyche
  7109 | Orc:4    | Killed Psyche
  7180 | Orc:4    | Received a gift from Trog
  7294 | Orc:4    | Killed an orc high priest
  7531 | Orc:3    | Received a gift from Trog
  7785 | Orc:4    | Bought the ring of Degik {-Tele +Fly rF+ SInv} for 523 gold pieces
  7795 | Orc:4    | Bought a +1 scale mail of poison resistance for 182 gold pieces
  7964 | Lair:1   | Entered Level 1 of the Lair of Beasts
  8019 | Lair:1   | Reached skill level 12 in Axes
  8244 | Lair:3   | Gained mutation: Your spells are a little harder to cast, but a little more powerful. [potion of beneficial mutation]
  8267 | Lair:3   | Received a gift from Trog
  8267 | Lair:3   | Reached skill level 1 in Throwing
  8441 | Lair:4   | Identified the Reference Book on the Dusty Oath (You found it on level 4 of the Lair of Beasts)
  8643 | Lair:4   | Got a pitted scale mail
  8694 | Lair:4   | Identified the cursed -1 scale mail "Ivigama" {+Fly rElec Str-2 SInv} (You found it on level 4 of the Lair of Beasts)
  8748 | Lair:4   | Noticed a six-headed hydra
  8755 | Lair:4   | Killed a nine-headed hydra
  8965 | Lair:5   | Received a gift from Trog
  8969 | Lair:5   | Got a transparent broad axe {god gift}
  9025 | Lair:6   | Reached XP level 13. HP: 72/72 MP: 17/17
  9062 | Lair:6   | Reached skill level 5 in Throwing
  9109 | Lair:6   | Found a hole to the Spider Nest.
  9212 | Lair:6   | Identified the +6 broad axe "Z" {flame, +Inv MR+ SInv} (Trog gifted it to you on level 5 of the Lair of Beasts)
  9341 | Lair:7   | Found a burning altar of Makhleb.
  9386 | Lair:7   | Reached skill level 13 in Axes
  9484 | Lair:7   | Noticed Fannar
  9513 | Lair:7   | Killed Fannar
  9539 | Lair:8   | Entered Level 8 of the Lair of Beasts
  9813 | Lair:8   | Received a gift from Trog
  9964 | Lair:8   | Reached skill level 14 in Axes
 10153 | Lair:8   | Received a gift from Trog
 10353 | Lair:8   | Identified Borgnjor's Collected Works on Stolen Souls (You found it on level 8 of the Lair of Beasts)
 10416 | Lair:8   | Reached skill level 15 in Axes
 10594 | Lair:8   | Reached XP level 14. HP: 77/77 MP: 18/18
 10789 | Lair:5   | Received a gift from Trog
 11222 | Lair:3   | Found a staircase to the Shoals.
 11351 | Spider:1 | Entered Level 1 of the Spider Nest
 11499 | Spider:2 | Received a gift from Trog
 11595 | Spider:2 | Reached skill level 16 in Axes
 11598 | Spider:2 | Blown up by an orb spider

Action                   |  1- 3 |  4- 6 |  7- 9 | 10-12 | 13-15 || total
-------------------------+-------+-------+-------+-------+-------++-------
Melee: Hand axe          |    85 |    53 |   177 |   437 |       ||   752
       War axe           |       |    82 |    74 |       |       ||   156
       Broad axe         |       |       |    53 |       |       ||    53
       Battleaxe         |       |       |       |   227 |   364 ||   591
 Fire: Blowgun           |       |       |       |     6 |       ||     6
Throw: Throwing net      |       |       |       |     1 |       ||     1
Invok: Berserk           |     3 |     3 |     6 |    12 |     9 ||    33
       Brothers in Arms  |       |       |     1 |     1 |       ||     2
       Trog's Hand       |       |       |       |     3 |       ||     3
       Burn Spellbooks   |       |       |       |       |     1 ||     1
Evoke: Wand              |       |       |     1 |     3 |     3 ||     7
  Use: Scroll            |       |     9 |     7 |    11 |     9 ||    36
       Potion            |       |       |       |     1 |     1 ||     2
  Eat: Chunk             |     2 |     7 |     9 |    13 |     4 ||    35
       Beef jerky        |       |     1 |     1 |     2 |     3 ||     7
       Pizza             |       |       |     2 |     1 |     2 ||     5
       Royal jelly       |       |       |       |     1 |       ||     1
       Bread ration      |       |       |       |     2 |       ||     2
       Meat ration       |       |       |       |     1 |     3 ||     4
       Fruit             |       |       |       |       |     4 ||     4

Action                   |  1- 3 |  4- 6 |  7- 9 | 10-12 | 13-15 || total
-------------------------+-------+-------+-------+-------+-------++-------
Melee: Hand axe          |    85 |    53 |   177 |   437 |       ||   752
       War axe           |       |    82 |    74 |       |       ||   156
       Broad axe         |       |       |    53 |       |       ||    53
       Battleaxe         |       |       |       |   227 |   364 ||   591
 Fire: Blowgun           |       |       |       |     6 |       ||     6
Throw: Throwing net      |       |       |       |     1 |       ||     1
Invok: Berserk           |     3 |     3 |     6 |    12 |     9 ||    33
       Brothers in Arms  |       |       |     1 |     1 |       ||     2
       Trog's Hand       |       |       |       |     3 |       ||     3
       Burn Spellbooks   |       |       |       |       |     1 ||     1
Evoke: Wand              |       |       |     1 |     3 |     3 ||     7
  Use: Scroll            |       |     9 |     7 |    11 |     9 ||    36
       Potion            |       |       |       |     1 |     1 ||     2
  Eat: Chunk             |     2 |     7 |     9 |    13 |     4 ||    35
       Beef jerky        |       |     1 |     1 |     2 |     3 ||     7
       Pizza             |       |       |     2 |     1 |     2 ||     5
       Royal jelly       |       |       |       |     1 |       ||     1
       Bread ration      |       |       |       |     2 |       ||     2
       Meat ration       |       |       |       |     1 |     3 ||     4
       Fruit             |       |       |       |       |     4 ||     4

Action                   |  1- 3 |  4- 6 |  7- 9 | 10-12 | 13-15 || total
-------------------------+-------+-------+-------+-------+-------++-------
Melee: Hand axe          |    85 |    53 |   177 |   437 |       ||   752
       War axe           |       |    82 |    74 |       |       ||   156
       Broad axe         |       |       |    53 |       |       ||    53
       Battleaxe         |       |       |       |   227 |   364 ||   591
 Fire: Blowgun           |       |       |       |     6 |       ||     6
Throw: Throwing net      |       |       |       |     1 |       ||     1
Invok: Berserk           |     3 |     3 |     6 |    12 |     9 ||    33
       Brothers in Arms  |       |       |     1 |     1 |       ||     2
       Trog's Hand       |       |       |       |     3 |       ||     3
       Burn Spellbooks   |       |       |       |       |     1 ||     1
Evoke: Wand              |       |       |     1 |     3 |     3 ||     7
  Use: Scroll            |       |     9 |     7 |    11 |     9 ||    36
       Potion            |       |       |       |     1 |     1 ||     2
  Eat: Chunk             |     2 |     7 |     9 |    13 |     4 ||    35
       Beef jerky        |       |     1 |     1 |     2 |     3 ||     7
       Pizza             |       |       |     2 |     1 |     2 ||     5
       Royal jelly       |       |       |       |     1 |       ||     1
       Bread ration      |       |       |       |     2 |       ||     2
       Meat ration       |       |       |       |     1 |     3 ||     4
       Fruit             |       |       |       |       |     4 ||     4
